 Dungeon Crawl Stone Soup version 0.29-a0-520-gc852659d43 (webtiles) character file.

Game seed: 3760128146698937645

4386 siradein the Covert (level 10, -2/72 HPs)
             Began as a Formicid Hunter on May 31, 2022.
             Was a Follower of Hepliaklqana.
             Slain by Amaemon
             ... wielding a +2 demon whip of venom
              (4 damage)
             ... on level 7 of the Dungeon.
             The game lasted 00:26:58 (8929 turns).

siradein the Covert (Formicid Hunter)               Turns: 8929, Time: 00:26:59

Health: -2/72      AC: 11    Str: 15    XL:     10   Next: 61%
Magic:  10/10      EV: 14    Int: 10    God:    Hepliaklqana [*.....]
Gold:   101        SH: 19    Dex: 24    Spells: 9/9 levels left

rFire   . . .      SeeInvis +   b - +0 long sword (flame)
rCold   . . .      Faith    .   L - +2 kite shield
rNeg    . . .      Spirit   .   R - +0 swamp dragon scales
rPois   +          Reflect  +   (helmet unavailable)
rElec   .          Harm     .   r - +0 cloak
rCorr   .          Rampage  .   j - +1 pair of gloves
Will    ++...                   (no boots)
Stlth   ++++......              p - amulet of reflection
HPRegen 0.22/turn               q - +6 ring of dexterity
MPRegen 0.12/turn               t - ring of willpower

@: lethally poisoned (-2 -> -5)
A: reduced essence, permanent stasis, dig shafts and tunnels, antennae 3, four
strong arms
a: Dig, Shaft Self, Renounce Religion, Recall Ancestor, Ancestor Identity


You were on level 7 of the Dungeon.
You worshipped Hepliaklqana.
Hepliaklqana was aware of your devotion.
You visited 2 branches of the dungeon, and saw 9 of its levels.
You also visited: Sewer.

You collected 332 gold pieces.
You spent 231 gold pieces at shops.

Inventory:

Hand Weapons
 a - a +0 arbalest
 b - a +0 long sword of flaming (weapon)
Missiles
 I - 2 curare-tipped darts
Armour
 j - a +1 pair of gloves (worn)
 r - a +0 cloak (worn)
 L - a +2 kite shield (worn)
 R - +0 swamp dragon scales (worn)
Jewellery
 g - a ring of ice
 p - an amulet of reflection (around neck)
 q - a +6 ring of dexterity (left hand)
 s - a ring of positive energy
 t - a ring of willpower (right hand)
 B - a ring of protection from cold
 Q - an amulet of regeneration
Wands
 m - a wand of charming (3)
 D - a wand of iceblast (1)
 E - a wand of acid (8)
Scrolls
 c - 2 scrolls of immolation
 h - 2 scrolls of amnesia
 i - 2 scrolls of fear {unknown}
 l - 2 scrolls of teleportation {unknown}
 n - a scroll of silence {unknown}
 u - a scroll of poison {unknown}
 y - a scroll of brand weapon {unknown}
 C - 2 scrolls of blinking {unknown}
 J - a scroll of torment {unknown}
 P - a scroll of fog {unknown}
Potions
 d - a potion of magic {unknown}
 e - 3 potions of attraction
 f - 3 potions of degeneration {unknown}
 k - 2 potions of brilliance
 o - a potion of cancellation {unknown}
 v - 2 potions of mutation {unknown}
 w - a potion of haste {unknown}
 x - 3 potions of lignification {unknown}
 z - a potion of berserk rage {unknown}
 A - 6 potions of flight {unknown}
 F - 2 potions of heal wounds {unknown}
 G - a potion of might {unknown}
 H - 5 potions of curing {unknown}
 M - 2 potions of invisibility {unknown}
 O - a potion of ambrosia {unknown}


   Skills:
 + Level 7.6 Fighting
 + Level 7.8 Crossbows
 + Level 4.5 Armour
 + Level 6.3 Dodging
 + Level 8.8 Stealth
 + Level 5.7 Shields


You had 9 spell levels left.
You didn't know any spells.
Your spell library contained the following spells:

 Spells                   Type           Power      Damage    Failure   Level
 Apportation              Tloc           0%         N/A       83%         1
 Freeze                   Ice            0%         1d3       83%         1
 Necrotize                Necr           0%         1d4       83%         1
 Summon Small Mammal      Summ           0%         N/A       83%         1
 Frozen Ramparts          Ice            0%         1d2       99%         3
 Ignite Poison            Fire/Tmut/Pois 0%         N/A       99%         3
 Mephitic Cloud           Conj/Pois/Air  0%         N/A       99%         3
 Hailstorm                Conj/Ice       0%         3d3       100%        4
 Freezing Cloud           Conj/Ice/Air   0%         6-21      100%        5


Dungeon Overview and Level Annotations

Branches:
Dungeon (8/15)             Temple (1/1) D:6           Sewer (visited)
   Lair: D:8-11

Altars:
Dithmenos
Elyvilon
Fedhas
Gozag
Hepliaklqana
Kikubaaqudgha
Makhleb
Qazlal
Ru
Sif Muna
Trog
Vehumet
Xom
Zin

Shops:
D:6 *   D:7 *

Annotations:
D:5 1 runed translucent door, Crazy Yiuf
D:7 Amaemon


Innate Abilities, Weirdness & Mutations

Your life essence is reduced to manifest your ancestor. (-10% HP)
You cannot be hasted, slowed, berserked, paralysed or teleported.
You can dig through walls and to a lower floor.
You have a pair of large antennae on your head. (SInv)
Your four strong arms can wield two-handed weapons with a shield.


Message History

Amaemon closely misses you.
You slash Amaemon! You burn Amaemon.
Amaemon is moderately wounded.
Amaemon hits you with a +2 demon whip of venom!
You are poisoned.
Amaemon claws you but does no damage. You block Amaemon's attack.
You closely miss Amaemon.
Amaemon is moderately wounded.
You feel very sick. You block Amaemon's attack.
Amaemon claws you but does no damage. Amaemon misses you.
You block Amaemon's attack. Amaemon claws you.
* * * LOW HITPOINT WARNING * * *
Amaemon misses you.
Okay, then.
Okay, then.
Aiming: Charm
Press: ? - help, Shift-Dir - straight line, f - Amaemon
Aim: Amaemon, wielding a +2 demon whip of venom (moderately wounded, chance to affect: 17%)
Okay, then.
Aiming: Corrosive Bolt
Press: ? - help, Shift-Dir - straight line, f - Amaemon
Aim: Amaemon, wielding a +2 demon whip of venom (moderately wounded, 64% to hit)
The bolt of acid hits Amaemon!
The acid corrodes Amaemon!
Amaemon is moderately wounded.
You feel sick. Amaemon completely misses you. You block Amaemon's attack.
Amaemon tail-slaps you.
* * * LOW HITPOINT WARNING * * *
Okay, then.
Unknown command.
You closely miss Amaemon.
Amaemon is moderately wounded.
You feel very sick. Amaemon hits you but does no damage.
You block Amaemon's attack. x2
You miss Amaemon.
Amaemon is moderately wounded.
You feel sick. Amaemon barely misses you. You block Amaemon's attack. x2
Amaemon hits you with a +2 demon whip of venom!
* * * LOW HITPOINT WARNING * * *
Amaemon claws you.
You die...

#### ...## ##..#
..#.#######
#.#.......#
#.##..#<..#
#.##..############
................@#
#.##..##########6#
...[..........##.#
..............##.#
..............##.#
....[.........##.#
.............###.###
............).....)#
.............###.#.#


You could see Amaemon (corroded).

Vanquished Creatures
  Pikel (D:8)
  Maggie (D:7)
  4 yaks (D:8)
  Menkaure (D:6)
  A water moccasin (D:8)
  5 black bears
  Pargi (Sewer)
  A sky beast (D:8)
  A centaur (D:6)
  3 lemures (D:8)
  A phantom (D:6)
  2 bullfrogs
  2 scorpions
  2 necrophages (D:6)
  3 wights (D:8)
  9 killer bees
  A howler monkey (D:6)
  A hound (D:6)
  2 jellies
  3 gnoll shamans
  2 orc wizards
  Robin (D:2)
  5 adders
  15 gnolls
  An ufetubus (D:7)
  4 worms
  3 dart slugs (D:1)
  17 orcs
  4 bats
  7 endoplasms
  5 giant cockroaches
  8 goblins
  7 hobgoblins
  11 jackals
  11 kobolds
  2 quokkas (D:1)
  12 ball pythons
  3 frilled lizards
  8 rats
171 creatures vanquished.

Vanquished Creatures (collateral kills)
  2 yaks (D:8)
  2 water moccasins (D:8)
  A wight (D:8)
  A killer bee (D:8)
6 creatures vanquished.

Vanquished Creatures (others)
  5 ancestors (D:8)
5 creatures vanquished.

Grand Total: 182 creatures vanquished

Notes
Turn   | Place    | Note
-------+----------+-------------------------------------------
     0 | D:1      | siradein the Formicid Hunter began the quest for the Orb.
     0 | D:1      | Reached XP level 1. HP: 16/16 MP: 1/1
    58 | D:1      | Reached XP level 2. HP: 6/23 MP: 2/2
   565 | D:1      | Found a faded altar of an unknown god.
   632 | D:1      | Reached skill level 2 in Stealth
   685 | D:1      | Reached XP level 3. HP: 28/28 MP: 3/3
   846 | D:1      | You fall into a shaft and drop 1 floor!
  1191 | D:2      | Reached XP level 4. HP: 34/34 MP: 4/4
  1208 | D:2      | Noticed Robin
  1217 | D:2      | Killed Robin
  2334 | D:3      | Reached XP level 5. HP: 39/41 MP: 5/5
  2510 | D:3      | Reached skill level 3 in Stealth
  2544 | D:3      | Found a white marble altar of Elyvilon.
  2939 | D:4      | Noticed a black bear
  2965 | D:4      | Killed a black bear
  2966 | D:4      | Reached XP level 6. HP: 27/48 MP: 6/6
  3335 | D:4      | Noticed a black bear
  3340 | D:4      | Killed a black bear
  3341 | D:4      | Reached skill level 5 in Crossbows
  3341 | D:4      | Reached skill level 4 in Stealth
  3359 | D:4      | Found a radiant altar of Vehumet.
  3359 | D:4      | Found a shimmering blue altar of Sif Muna.
  3367 | D:4      | Found a glowing silver altar of Zin.
  3394 | D:4      | Found a faded altar of an unknown god.
  3396 | D:4      | Found a shadowy altar of Dithmenos.
  3446 | D:4      | Noticed a black bear
  3465 | D:4      | Killed a black bear
  3466 | D:4      | Reached XP level 7. HP: 23/55 MP: 7/7
  3879 | D:5      | Entered Level 5 of the Dungeon
  3892 | D:5      | Found a shimmering altar of Xom.
  3892 | D:5      | Found a shimmering altar of Xom.
  3894 | D:5      | Found a shimmering altar of Xom.
  3896 | D:5      | Found a shimmering altar of Xom.
  4370 | D:5      | Reached skill level 5 in Stealth
  4809 | D:5      | Noticed a moth of wrath
  4812 | D:5      | Found a bloodstained altar of Trog.
  5046 | D:5      | Found a runed translucent door.
  5047 | D:5      | Noticed Crazy Yiuf
  5339 | D:6      | Reached skill level 5 in Fighting
  5339 | D:6      | Reached XP level 8. HP: 42/62 MP: 8/8
  5431 | D:6      | Reached skill level 6 in Stealth
  5533 | D:6      | Found a glowing drain.
  5548 | Sewer    | Entered a sewer
  5810 | Sewer    | Noticed Pargi
  5832 | Sewer    | Killed Pargi
  6193 | D:6      | Found Dootaa's General Store.
  6201 | D:6      | Bought a +2 kite shield for 231 gold pieces
  6236 | D:6      | Found an opulent altar of Gozag.
  6276 | D:6      | Noticed Menkaure
  6286 | D:6      | Killed Menkaure
  6287 | D:6      | Reached skill level 5 in Dodging
  6287 | D:6      | Reached skill level 1 in Shields
  6287 | D:6      | Reached XP level 9. HP: 68/69 MP: 9/9
  6391 | D:6      | Reached skill level 1 in Armour
  6451 | D:6      | Found a staircase to the Ecumenical Temple.
  6554 | Temple   | Entered the Ecumenical Temple
  6654 | Temple   | Became a worshipper of Hepliaklqana the Forgotten
  6750 | D:6      | Reached skill level 7 in Stealth
  6922 | D:7      | Noticed Maggie
  6936 | D:7      | Killed Maggie
  7096 | D:7      | Found Caonuq's Fire Supplies.
  7585 | D:7      | Found a stormy altar of Qazlal.
  7657 | D:7      | Reached * piety under Hepliaklqana
  7801 | D:8      | Noticed Pikel
  7830 | D:8      | Reached skill level 8 in Stealth
  7939 | D:8      | Killed Pikel
  7940 | D:8      | Reached XP level 10. HP: 64/71 MP: 10/10
  7994 | D:8      | Noticed Amaemon
  8143 | D:8      | Reached skill level 5 in Shields
  8599 | D:8      | Noticed an orange demon
  8929 | D:7      | HP: 2/72 [Amaemon/+2 demon whip of venom (7)]
  8929 | D:7      | Slain by Amaemon

Illustrated notes

Levels and vault maps discovered:
D:1:      elethiomel_arrival_quiet, layout_loops_ring,
          hellmonk_ecumenical_altar_arch_garden, minmay_misc_feat_room
D:2:      layout_loops_ring, uniq_robin
D:3:      layout_basic, mainiacjoe_overflow_small_starburst
D:4:      layout_loops_ring, chequers_temple_overflow_minitemple,
          due_unseen_surprise
D:5:      layout_loops_ring, tgw_trog, xom_redecorated, uniq_crazy_yiuf_cottage
D:6:      layout_loops_ring, lemuel_tele_altar, minmay_temple_entry_butterflies,
          serial_shops, shop, cheibrodos_sewer_entry_drain,
          minmay_misc_feat_iff, due_unseen_surprise, uniq_menkaure
D:7:      layout_basic, mainiacjoe_overflow_brackets, minmay_tree_intersection,
          nicolae_lava_and_water, nicolae_shop_fire_sale
          [nicolae_sub_dead_trees], uniq_maggie
D:8:      layout_basic, hangedman_decor_push, uniq_amaemon, uniq_pikel
Temple:   nicolae_temple_figure_eight

Skill      XL: |  1  2  3  4  5  6  7  8  9 10 |
---------------+-------------------------------+-----
Dodging        | 2 3 4 5 6 |  6.3
Stealth        | 2 3 4 5 6 8 |  8.8
Fighting       | 3 4 5 6 7 |  7.6
Crossbows      | 5 6 7 |  7.8
Shields        | 1 4 5 |  5.7
Armour         | 3 4 |  4.5

Action                   |  1- 3 |  4- 6 |  7- 9 | 10-12 || total
-------------------------+-------+-------+-------+-------++-------
Melee: Long sword        |       |    13 |    34 |    53 ||   100
 Fire: Hand crossbow     |    91 |   156 |   225 |       ||   472
       Arbalest          |       |       |   100 |    32 ||   132
Invok: Ancestor Identity |       |       |     1 |       ||     1
 Abil: Dig               |     3 |     1 |     1 |       ||     5
Evoke: Wand              |       |       |       |     1 ||     1
  Use: Scroll            |       |     5 |     1 |       ||     6
 Stab: Distracted        |       |       |       |     1 ||     1
Armor: Leather armour    |    22 |    41 |    41 |       ||   104
       Swamp dragon scal |       |       |    16 |    23 ||    39
Dodge: Dodged            |    24 |    67 |   158 |    48 ||   297
Block: Other             |       |    17 |    34 |       ||    51
       Reflection        |       |     1 |     4 |       ||     5
       Kite shield       |       |       |   112 |   103 ||   215

Table legend: (Time is in decaauts)
 A = Elapsed time spent in this place.
 B = Non-inter-level travel time spent in this place.
 C = Inter-level travel time spent in this place.
 D = Time resting spent in this place.
 E = Time spent auto-exploring this place.
 F = Levels seen in this place.
 G = Mean time per level.
                   A        B        C        D        E       F      G
               +--------+--------+--------+--------+--------+-----+--------+
         Total |   9202 |   9074 |    128 |    904 |   5792 |  10 |  920.2 |
       Dungeon |   8643 |   8515 |    128 |    904 |   5470 |   8 | 1080.4 |
        Temple |    130 |    130 |      0 |      0 |     89 |   1 |  130.0 |
         Sewer |    428 |    428 |      0 |      0 |    232 |   1 |  428.0 |
               +--------+--------+--------+--------+--------+-----+--------+

Top non-repeatable levels by time:
     D:5: 1436 daAuts
     D:2: 1148 daAuts
     D:7: 1119 daAuts
     D:6: 1084 daAuts
     D:4: 1077 daAuts
     D:8: 1041 daAuts
     D:3: 869 daAuts
     D:1: 866 daAuts
   Sewer: 428 daAuts
  Temple: 130 daAuts
